Map: Orbital Shipyard

Players

ILLBdA - Winner!

  • Race: Protoss Protoss
  • League: Diamond

FoTh

  • Race: Zerg Zerg
  • League: Diamond

VOD

Have the link to the VOD?

Description

Time

  • Played on: Dec. 14, 2015, 8:48 a.m.
  • Length: 8:44
Show
View Real Time Build Order
Export as new Build Order

ILLBdA Protoss - Winner!

Build Orders: 1 Gate Expand 

Get SALT Encoding   

  12  0:01  Probe (Chrono Boost)  
  13  0:11  Probe (Chrono Boost)  
  14  0:20  Pylon  
  14  0:22  Probe (Chrono Boost)  
  15  0:39  Probe (Chrono Boost)  
  15  0:40  Gateway  
  16  0:49  Probe (Chrono Boost)  
  17  1:00  Probe (Chrono Boost)  
  18  1:10  Probe (Chrono Boost)  
  19  1:16  Nexus  
  19  1:21  Probe (Chrono Boost)  
  20  1:25  Assimilator  
  20  1:33  Cybernetics Core  
  20  1:36  Probe (Chrono Boost)  
  21  1:45  Pylon  
  21  1:47  Probe (Chrono Boost)  
  22  1:57  Probe (Chrono Boost)  
  23  2:04  Zealot (Chrono Boost)  
  23  2:24  Probe  
  23  2:28  Zealot (Chrono Boost)  
  25  2:38  Probe  
  25  2:41  Probe  
  29  2:53  Adept (Chrono Boost)  
  29  2:55  Warp Gate  
  29  2:56  Probe x2  
  31  3:07  Probe  
  31  3:08  Probe  
  31  3:12  Assimilator  
  33  3:17  Probe  
  34  3:20  Probe  
  35  3:28  Probe  
  35  3:30  Pylon  
  35  3:32  Probe  
  35  3:33  Gateway  
  37  3:36  Assimilator  
  37  3:39  Sentry (Chrono Boost), Probe (Chrono Boost)  
  40  3:44  Probe (Chrono Boost)  
  41  3:57  Gateway  
  41  4:04  Robotics Facility  
  41  4:09  Probe (Chrono Boost)  
  42  4:17  Sentry  
  42  4:21  Pylon  
  42  4:22  Probe (Chrono Boost)  
  42  4:23  Probe (Chrono Boost)  
  46  4:33  Probe (Chrono Boost)  
  46  4:37  Pylon  
  47  4:42  Gateway  
  47  4:43  Gateway  
  49  4:52  Warp Prism (Chrono Boost)  
  51  5:01  Sentry  
  51  5:02  Sentry  
  51  5:03  Mothership Core, Probe  
  51  5:06  Pylon  
  56  5:16  Adept  
  58  5:23  Probe  
  58  5:25  Immortal (Chrono Boost), Pylon  
  63  5:40  Adept x2  
  63  5:41  Adept x2  
  71  5:58  Immortal (Chrono Boost)  
  71  5:59  Zealot  
  77  6:20  Adept  
  77  6:21  Adept x3  
  83  6:38  Immortal  
  79  6:41  Adept x2  
  79  6:42  Adept  
  83  6:59  Stalker  
  83  7:01  Pylon  
  85  7:02  Pylon  
  85  7:08  Pylon x2  
  85  7:18  Observer  
  85  7:20  Stalker x2  
  85  7:21  Stalker x2, Pylon  
  88  7:30  Stalker  
  90  7:42  Observer  
  90  7:43  Stalker  
  93  7:46  Stalker  
  93  7:47  Stalker  
  95  7:54  Stalker x2  
  93  8:03  Probe  
  93  8:09  Gateway  
  93  8:10  Stalker x2  
  93  8:11  Stalker, Gateway  
  93  8:15  Gateway  
  93  8:30  Stalker x3  
Show
View Real Time Build Order
Export as new Build Order

FoTh Zerg 

Build Orders: Pool First 

Get SALT Encoding   

  12  0:18  Spawning Pool  
  11  0:21  Drone  
  11  0:27  Drone  
  13  0:33  Drone  
  14  0:41  Overlord  
  14  1:06  Zergling x4  
  14  1:07  Zergling x2  
  17  1:18  Hatchery  
  16  1:30  Drone  
  17  1:33  Drone  
  17  1:34  Extractor  
  17  1:41  Queen  
  17  1:45  Drone  
  20  1:51  Drone  
  21  2:03  Overlord  
  21  2:17  Overlord  
  20  2:23  Drone  
  20  2:31  Drone  
  20  2:36  Drone  
  22  2:43  Hatchery  
  21  2:48  Drone, Queen  
  24  2:52  Drone  
  24  2:54  Drone  
  24  2:56  Drone  
  27  3:03  Drone x2  
  29  3:06  Drone  
  29  3:11  Drone  
  31  3:15  Drone  
  31  3:17  Extractor  
  31  3:18  Drone  
  32  3:20  Extractor  
  32  3:24  Drone  
  32  3:25  Overlord  
  32  3:26  Drone  
  33  3:29  Drone  
  33  3:33  Extractor  
  33  3:37  Queen, Extractor  
  33  3:40  Drone  
  35  3:44  Drone  
  35  3:45  Drone  
  35  3:48  Drone  
  38  3:57  Zergling x2  
  38  3:58  Drone x2  
  38  3:59  Drone  
  38  4:00  Drone  
  43  4:04  Drone  
  43  4:10  Drone x3  
  43  4:14  Zergling x2  
  47  4:19  Spore Crawler  
  47  4:23  Drone  
  47  4:24  Spore Crawler  
  46  4:29  Lair  
  46  4:33  Metabolic Boost  
  46  4:35  Drone  
  46  4:38  Drone  
  48  4:44  Drone  
  48  4:45  Drone x2  
  51  4:48  Drone x2  
  51  4:50  Drone  
  53  4:53  Drone  
  53  4:54  Drone  
  53  4:56  Drone  
  53  4:58  Drone  
  57  5:02  Evolution Chamber, Drone  
  57  5:10  Overlord x2  
  57  5:15  Extractor  
  57  5:16  Overlord  
  57  5:17  Drone  
  57  5:18  Burrow  
  57  5:23  Overlord  
  57  5:27  Hydralisk Den  
  57  5:28  Drone  
  57  5:30  Drone x2  
  57  5:31  Zerg Missile Weapons Level 1  
  57  5:33  Drone  
  60  5:37  Overlord  
  60  5:38  Overseer  
  60  5:43  Overlord x2  
  60  5:44  Drone  
  61  6:01  Hydralisk x6  
  61  6:02  Hydralisk  
  75  6:05  Overlord  
  75  6:08  Hydralisk  
  77  6:11  Muscular Augments  
  77  6:20  Hydralisk x2  
  77  6:24  Hydralisk x2  
  84  6:29  Hydralisk  
  84  6:30  Hydralisk  
  79  6:33  Hydralisk x3  
  79  6:35  Hydralisk  
  79  6:37  Zergling x2  
  82  6:41  Hydralisk  
  82  6:42  Hydralisk  
  79  6:47  Hydralisk  
  79  6:49  Hydralisk  
  79  6:53  Hydralisk  
  73  6:56  Zergling x4  
  73  6:59  Zergling x2  
  74  7:01  Overlord  
  74  7:05  Hydralisk  
  72  7:16  Hydralisk x3  
  72  7:18  Hydralisk  
  80  7:29  Hydralisk x2  
  68  7:32  Hydralisk x2  
  68  7:34  Zergling x2  
  68  7:36  Zergling x2  
  74  7:40  Hydralisk  
  76  7:46  Hydralisk  
  74  7:52  Zergling x2  
Tags
 
Add a new tag
Caveats
  • Supply blocks, unpowered buildings, or Contaminate may cause inaccurate times.
  • Supply counts are checked every 10 seconds.